 Dungeon Crawl Stone Soup version 0.21.1-1-g345015f (webtiles) character file.

702 Lilu the Conjurer (level 7, -4/41 HPs)
             Began as a Deep Elf Conjurer on July 25, 2018.
             Slain by Duvessa
             ... wielding a +0 rapier
              (9 damage)
             ... on level 4 of the Dungeon.
             The game lasted 00:26:10 (4793 turns).

Lilu the Conjurer (Deep Elf Conjurer)               Turns: 4793, Time: 00:26:11

Health: -4/41      AC:  5    Str:  9    XL:     7   Next: 38%
Magic:  18/18      EV: 13    Int: 20    God:
Gold:   171        SH:  0    Dex: 15    Spells: 11/18 levels left

rFire    + . .     SeeInvis .   F - +1 double sword (holy)
rCold    x . .     Gourm    .   (no shield)
rNeg     . . .     Faith    .   a - +1 robe
rPois    .         Spirit   .   t - +0 helmet
rElec    .         Reflect  .   (no cloak)
rCorr    .         Harm     .   (no gloves)
MR       .....                  o - +0 pair of boots
Stlth    ++........             (no amulet)
HPRegen  0.13/turn              g - ring of fire
MPRegen  0.16/turn              q - +2 ring of strength

@: studying Axes
A: no striking features
a: no special abilities


You were on level 4 of the Dungeon.
You were not hungry.

You visited 1 branch of the dungeon, and saw 5 of its levels.

You collected 171 gold pieces.

Inventory:

Hand Weapons
 e - a +0 flail of holy wrath
 F - a +1 double sword of holy wrath (weapon)
Missiles
 r - 95 stones (quivered)
 G - a throwing net
Armour
 a - a +1 robe (worn)
 o - a +0 pair of boots (worn)
 t - a +0 helmet (worn)
 A - a +0 helmet
Jewellery
 g - a ring of fire (left hand)
 j - a cursed -3 ring of strength
 n - a +3 ring of slaying
 q - a +2 ring of strength (right hand)
Wands
 w - a wand of flame (34)
 D - a wand of acid (11)
Scrolls
 d - 5 scrolls of identify {unknown}
 f - a scroll of magic mapping {unknown}
 p - 6 scrolls of remove curse {unknown}
 s - a scroll of fog {unknown}
 x - a scroll of blinking {unknown}
 y - a scroll of fear {unknown}
 B - a scroll of random uselessness {unknown}
 C - a scroll of noise {unknown}
 H - 2 scrolls of enchant armour
Potions
 h - a potion of flight {unknown}
 i - 2 potions of curing
 k - a potion of ambrosia
 l - a potion of agility {unknown}
 m - a potion of heal wounds {unknown}
 u - 2 potions of brilliance {unknown}
 v - 2 potions of magic {unknown}
 z - a potion of might
Books
 b - a book of Conjurations

   Spells                             Type                      Level
   a - Magic Dart                     Conjuration                  1
   b - Searing Ray                    Conjuration                  2
   c - Dazzling Spray                 Conjuration/Hexes            3
   d - Fulminant Prism                Conjuration/Hexes            4
   e - Force Lance                    Conjuration/Translocation    4
   f - Iskenderun's Mystic Blast      Conjuration                  4
 E - a manual of Axes
Comestibles
 c - 8 rations


   Skills:
 - Level 3.0 Fighting
 - Level 2.4 Dodging
 - Level 2.4 Stealth
 - Level 6.0 Spellcasting
 + Level 7.9 Conjurations


You had 11 spell levels left.
You knew the following spells:

 Your Spells              Type           Power        Failure   Level  Hunger
a - Magic Dart            Conj           ####         1%          1    None
b - Searing Ray           Conj           #####.       1%          2    None
c - Iskenderun's Mystic   Conj           #####...     4%          4    ####...


Dungeon Overview and Level Annotations

Branches:
Dungeon (5/15)
 Temple: D:4-7

Altars:
Makhleb
Ru

Annotations:
D:3 Purgy
D:4 Duvessa


Message History

You are confused.
You feel invigorated. Duvessa misses you.
You bump into the rock wall.
Duvessa hits you with a rapier!
* * * LOW HITPOINT WARNING * * *
Duvessa closely misses you.
You bump into the rock wall.
Duvessa hits you with a rapier!
* * * LOW HITPOINT WARNING * * *
Unknown command.
Unknown command.
You bump into the rock wall.
Duvessa misses you. Duvessa barely misses you. Duvessa barely misses you.
Things that are here:
a dagger; a robe; the elf corpse of Dowan You bump into the rock wall.
You feel less invigorated.
You feel less confused. Duvessa hits you with a rapier!
* * * LOW HITPOINT WARNING * * *
Duvessa misses you. Duvessa hits you with a rapier!
You die...

#.....##.#.#######
##...###.#.......#
8#...# #.#....##.#
.T...# #.#..<.##.#
.'...###.####.)..#
8#...#.......##..#
##...#.#.###.##..#
#....#.#.# #.##.e#
..#....#.# #....@#
###..###.# #####.#
##.###.# #<...#
#..##.# ######
#..##.# #...#.#
#.#.#.# #.#.#.#
#.....#


You could see Duvessa (berserk).

Vanquished Creatures
  A centaur (D:4)
  A scorpion (D:3)
  Dowan (D:4)
  A jelly (D:4)
  2 crimson imps
  A hound (D:4)
  An orc priest (D:4)
  A bullfrog skeleton (D:3)
  3 orc wizards
  2 iguanas (D:4)
  Ijyb (D:3)
  A worker ant (D:4)
  Robin (D:4)
  A worker ant zombie (D:4)
  3 adders
  A gnoll (D:4)
  An ooze (D:1)
  An adder skeleton (D:4)
  2 worms
  A dart slug (D:1)
  A leopard gecko (D:4)
  6 orcs
  5 bats
  3 giant cockroaches
  12 goblins
  10 hobgoblins
  4 jackals (D:1)
  4 quokkas
  2 ball pythons
  2 frilled lizards
  6 kobolds
  5 rats
87 creatures vanquished.

Notes
Turn   | Place    | Note
-------+----------+-------------------------------------------
     0 | D:1      | Lilu the Deep Elf Conjurer began the quest for the Orb.
     0 | D:1      | Reached XP level 1. HP: 10/10 MP: 6/6
   254 | D:1      | Reached XP level 2. HP: 15/15 MP: 4/8
   289 | D:1      | Reached skill level 5 in Conjurations
   541 | D:1      | Learned a level 2 spell: Searing Ray
   867 | D:1      | Reached XP level 3. HP: 19/19 MP: 5/9
  1336 | D:3      | Noticed Purgy
  1336 | D:3      | Noticed Ijyb
  1366 | D:3      | Reached skill level 6 in Conjurations
  1366 | D:3      | Reached XP level 4. HP: 14/24 MP: 4/10
  1669 | D:3      | Reached skill level 5 in Spellcasting
  1669 | D:3      | Reached XP level 5. HP: 28/28 MP: 5/14
  1675 | D:3      | Learned a level 4 spell: Iskenderun's Mystic Blast
  1822 | D:3      | Found a sacrificial altar of Ru.
  2006 | D:3      | Killed Ijyb
  2775 | D:4      | Found a large runed door.
  2775 | D:4      | Found a large runed door.
  2783 | D:4      | Reached skill level 1 in Fighting
  2864 | D:4      | Reached XP level 6. HP: 34/34 MP: 14/17
  2932 | D:4      | Found a large runed door.
  2932 | D:4      | Found a large runed door.
  3018 | D:4      | Noticed Duvessa
  3018 | D:4      | Noticed Dowan
  3043 | D:4      | Noticed a troll
  3239 | D:4      | Noticed Robin
  3410 | D:4      | Killed Robin
  3544 | D:5      | Entered Level 5 of the Dungeon
  3544 | D:5      | Found a burning altar of Makhleb.
  3544 | D:5      | Noticed a sky beast
  4086 | D:4      | Reached XP level 7. HP: 40/41 MP: 10/18
  4550 | D:4      | Reached skill level 7 in Conjurations
  4779 | D:4      | Killed Dowan
  4786 | D:4      | HP: 2/41 [Duvessa/rapier (11)]
  4793 | D:4      | Slain by Duvessa

Skill      XL: |  1  2  3  4  5  6  7 |
---------------+----------------------+-----
Conjurations   | 5 6 7 |  7.9
Spellcasting   | 5 6 |  6.0
Fighting       | 1 3 |  3.0
Dodging        | |  2.4
Stealth        | |  2.4

Action                   |  1- 3 |  4- 6 |  7- 9 || total
-------------------------+-------+-------+-------++-------
Melee: Short sword       |       |     6 |       ||     6
 Cast: Magic Dart        |    63 |    59 |       ||   122
       Searing Ray       |     1 |    20 |     6 ||    27
       Iskenderun's Myst |       |     7 |     9 ||    16
  Use: Scroll            |       |     2 |     1 ||     3
       Potion            |       |       |     1 ||     1
  Eat: Chunk             |     1 |    10 |     1 ||    12
       Ration            |       |       |     1 ||     1
Armor: Robe              |     3 |     7 |     1 ||    11
Dodge: Dodged            |     8 |    30 |    19 ||    57
       Rpst.: Double sword |       |       |     2 ||     2
